 Dungeon Crawl Stone Soup version 0.20.1-4-g4af34eaf8e (webtiles) character file.

200 Alfie the Shooter (level 5, -3/46 HPs)
             Began as a Minotaur Hunter on Mar 6, 2020.
             Slain by Alfie's ghost (8 damage)
             ... on level 3 of the Dungeon.
             The game lasted 00:04:54 (1646 turns).

Alfie the Shooter (Minotaur Hunter)                 Turns: 1646, Time: 00:04:55

Health: -3/46      AC:  3    Str: 18    XL:     5   Next: 49%
Magic:  4/4        EV: 12    Int:  8    God:
Gold:   77         SH:  0    Dex: 10    Spells: 4/4 levels left

rFire    . . .     SeeInvis .   b - +0 short sword
rCold    . . .     Gourm    .   (no shield)
rNeg     . . .     Faith    .   c - +0 leather armour
rPois    .         Spirit   .   (helmet restricted)
rElec    .         Reflect  .   (no cloak)
rCorr    .         Harm     .   (no gloves)
MR       .....                  (no boots)
Stlth    +.........             (no amulet)
Regen    0.2/turn               (no ring)
MPRegen  0.1/turn               (no ring)

@: no status effects
A: retaliatory headbutt, horns 2
a: no special abilities


You were on level 3 of the Dungeon.
You were not hungry.

You visited 1 branch of the dungeon, and saw 3 of its levels.

You collected 77 gold pieces.

Inventory:

Hand Weapons
 a - a +1 shortbow
 b - a +0 short sword (weapon)
Missiles
 d - 18 arrows
Armour
 c - a +0 leather armour (worn)
 e - a +0 pair of gloves
Scrolls
 g - 2 scrolls of remove curse
 k - 2 scrolls of enchant armour {unknown}
 m - a scroll of identify {unknown}
Potions
 j - a potion of resistance {unknown}
 l - a potion of haste {unknown}
 o - a potion of degeneration {unknown}
Comestibles
 f - a bread ration
 h - 4 fruits
 i - 2 royal jellies
 n - a meat ration


   Skills:
 + Level 3.9 Fighting
 + Level 1.2 Short Blades
 + Level 6.3 Bows
 + Level 1.3 Armour
 + Level 2.4 Dodging
 + Level 0.8 Stealth


You had 4 spell levels left.
You didn't know any spells.

Dungeon Overview and Level Annotations

Branches:
Dungeon (3/15)

Altars:
Qazlal
Xom

Annotations:
D:3 Alfie's ghost, amateur MiHu


Innate Abilities, Weirdness & Mutations

You reflexively headbutt those who attack you in melee.
You have a pair of horns on your head.


Message History

You hear the brisk rusting of a distant drain.
Alfie's ghost closely misses you.
You hit Alfie's ghost.
Alfie's ghost is almost destroyed.
Alfie's ghost hits you!
* * * LOW HITPOINT WARNING * * *
You barely miss Alfie's ghost. You headbutt Alfie's ghost.
Alfie's ghost is almost destroyed.
Alfie's ghost misses you.
You barely miss Alfie's ghost.
Alfie's ghost is almost destroyed.
Alfie's ghost hits you.
* * * LOW HITPOINT WARNING * * *
You barely miss Alfie's ghost.
Alfie's ghost is almost destroyed.
Alfie's ghost hits you but does no damage.
You barely miss Alfie's ghost.
Alfie's ghost is almost destroyed.
Alfie's ghost hits you!
You die...

############ #########
.#.....<....####.......# #.#
.'..........wW@'.......+ ...
#..........####.......##.#.#
#...(......# #..)....'.....
#..(.......# ##....†..##.#.#
#.(.w......# #....†#####.#.#
(..$........# #.....# #.#.#
(...###+##### #.....# #.#.#
.... #.....## #.#.# ...
.#######......####.#.#


You could see Alfie's ghost and a dart slug.

Vanquished Creatures
  An ogre (D:3)
  A worker ant (D:3)
  3 adders (D:3)
  An ooze (D:1)
  An adder zombie (D:3)
  A worm (D:3)
  4 dart slugs
  2 leopard geckos
  5 giant cockroaches
  3 goblins
  3 hobgoblins (D:2)
  5 kobolds
  8 bats
  3 frilled lizards
  8 rats
49 creatures vanquished.

Notes
Turn   | Place    | Note
-------+----------+-------------------------------------------
     0 | D:1      | Alfie the Minotaur Hunter began the quest for the Orb.
     0 | D:1      | Reached XP level 1. HP: 18/18 MP: 0/0
    90 | D:1      | Reached XP level 2. HP: 25/25 MP: 1/1
   241 | D:1      | Reached skill level 5 in Bows
   659 | D:2      | Reached XP level 3. HP: 27/31 MP: 2/2
   687 | D:2      | Found a shimmering altar of Xom.
   859 | D:2      | Noticed a water elemental
   861 | D:2      | Found a stormy altar of Qazlal.
   863 | D:2      | Noticed an earth elemental
   863 | D:2      | Noticed a fire elemental
   863 | D:2      | Noticed an air elemental
  1399 | D:3      | Noticed an ogre
  1407 | D:3      | Killed an ogre
  1407 | D:3      | Reached skill level 1 in Short Blades
  1407 | D:3      | Reached skill level 1 in Armour
  1407 | D:3      | Reached XP level 4. HP: 31/40 MP: 3/3
  1484 | D:3      | Reached skill level 6 in Bows
  1484 | D:3      | Reached XP level 5. HP: 44/46 MP: 4/4
  1609 | D:3      | Noticed Alfie's ghost (amateur MiHu)
  1646 | D:3      | Slain by Alfie's ghost

Skill      XL: |  1  2  3  4 |
---------------+-------------+-----
Bows           | 5 6 |  6.3
Fighting       | 3 |  3.9
Short Blades   | 1 |  1.2
Armour         | 1 |  1.3
Dodging        | |  2.4
Stealth        | |  0.8

Action                   |  1- 3 |  4- 6 || total
-------------------------+-------+-------++-------
Melee: Short sword       |    12 |    22 ||    34
       Headbutt          |     2 |     2 ||     4
 Fire: Shortbow          |    82 |    48 ||   130
  Use: Scroll            |     3 |       ||     3
       Potion            |       |     2 ||     2
  Eat: Royal jelly       |     1 |       ||     1
Armor: Leather armour    |    18 |    13 ||    31
Dodge: Dodged            |    23 |    18 ||    41
